 Dungeon Crawl Stone Soup version 0.30-a0-305-g026cb31310 (webtiles) character file.

Game seed: 17218815963933631604

2475 GenialerGandalf the Cleaver (level 9, -4/118 HPs)
             Began as a Hill Orc Fighter on July 10, 2022.
             Was an Initiate of Beogh.
             Slain by an orc knight
             ... wielding a +0 glaive
              (9 damage)
             ... in a bailey on Oct 21, 2022.
             The game lasted 00:44:31 (6353 turns).

GenialerGandalf the Cleaver (Hill Orc Fighter)      Turns: 6353, Time: 00:44:32

Health: -4/118     AC: 24    Str: 23    XL:     9   Next: 51%
Magic:  9/9        EV:  2    Int:  8    God:    Beogh [......]
Gold:   324        SH:  5    Dex: 10    Spells: 8/8 levels left

rFire   . . .      SeeInvis .    a - +1 war axe (flame)
rCold   . . .      Faith    .    c - +0 buckler
rNeg    + . .      Spirit   .    (body armour currently unavailable)
rPois   +          Reflect  .    (helmet currently unavailable)
rElec   .          Harm     .    (cloak currently unavailable)
rCorr   .          Rampage  .    (gloves currently unavailable)
Will    .....      NoTele   +    (boots currently unavailable)
Stlth   +.........               y - amulet of the acrobat
HPRegen 0.39/turn                I - ring of positive energy
MPRegen 0.11/turn                (no ring)

@: tree-form
A: stationary, stasis, torment immunity, boosted hp
a: Renounce Religion


You were in a bailey.
You worshipped Beogh.
Beogh was noncommittal.
You were a tree.
You visited 2 branches of the dungeon, and saw 8 of its levels.
You also visited: Sewer and Bailey.

You collected 324 gold pieces.

Inventory:

Hand Weapons
 a - a +1 war axe of flaming (weapon)
 D - the +3 quarterstaff of Xeadim {drain, Int+2}
   (You found it on level 4 of the Dungeon)

   A truly terrible weapon, it drains the life of any living foe it strikes.
   Int:       It affects your intelligence (+2).
Armour
 b - a +0 scale mail
 c - a +0 buckler (worn)
 m - a +0 cloak (melded)
 p - a +0 pair of boots (melded)
 q - a +0 helmet (melded)
 A - a +1 plate armour (melded)
 B - a +0 pair of gloves (melded)
Jewellery
 y - an amulet of the acrobat (around neck)
 I - a ring of positive energy (left branch)
Wands
 K - a wand of paralysis (8)
 L - a wand of quicksilver (2)
 M - a wand of flame (21)
 N - a wand of iceblast (10)
Scrolls
 e - a scroll of vulnerability
 f - a scroll of immolation
 i - 2 scrolls of poison
 n - 5 scrolls of fog
 u - a scroll of amnesia
Potions
 d - a potion of invisibility {unknown}
 g - a potion of resistance {unknown}
 l - 3 potions of brilliance
 o - a potion of magic {unknown}
 s - a potion of haste
 v - a potion of attraction
 w - a potion of cancellation
 G - a potion of mutation {unknown}
 J - a potion of ambrosia {unknown}


   Skills:
 * Level 7.4 Fighting
 * Level 11.1 Axes
 * Level 7.4 Armour
 * Level 6.0 Shields
 * Level 0.3 Invocations


You had 8 spell levels left.
You didn't know any spells.
Your spell library contained the following spells:

 Spells                   Type           Power      Damage    Failure   Level
 Ozocubu's Armour         Ice            0%         N/A       86%         3
 Metabolic Englaciation   Hex/Ice        0%         N/A       100%        5
 Simulacrum               Ice/Necr       0%         N/A       100%        6


Dungeon Overview and Level Annotations

Branches:
Dungeon (8/15)             Temple (1/1) D:4           Sewer (visited)
 Bailey (1/1)
   Lair: D:8-11

Altars:
Cheibriados
Elyvilon
Fedhas
Gozag
Hepliaklqana
Kikubaaqudgha
Makhleb
Okawaru
Qazlal
Trog
Vehumet
Wu Jian
Xom
Yredelemnul
Zin

Shops:
D:1 (   D:4 *

Annotations:
D:5 3 runed translucent doors, MrRokkomies's ghost, weakling AtDe
D:8 Prince Ribbit


Message History

Your orc warrior barely misses the orc knight.
Your orc hits the orc knight with a +0 flail.
Your orc dissolves into shadows!
The orc knight hits your orc warrior with a +0 glaive!
The orc warrior closely misses your orc warrior.
Your orc warrior hits the orc knight with a +0 long sword!!
The orc knight hits your orc warrior but does no damage.
The orc warrior hits your orc warrior with a +0 halberd!
Your orc warrior dies!
Your orc warrior's corpse dissolves into shadows!
As you read the scroll labelled ADUYPO MIAGE, it crumbles to dust.
You hear a loud clanging noise!
It was a scroll of noise.
You hear a shout!
As you read the scroll labelled FORUNNAZA, it crumbles to dust.
It is a scroll of enchant weapon.
Your +0 war axe of flaming glows red for a moment.
As you read the scroll labelled BYTRUH AQEBRYQ, it crumbles to dust.
It is a scroll of enchant armour.
Your +0 plate armour glows green for a moment.
Okay, then.
It was a potion of lignification.
You turn into a tree.
Your +0 cloak melds into your body.
Your +0 helmet melds into your body.
Your +0 pair of gloves melds into your body.
Your +0 pair of boots melds into your body.
Your +1 plate armour melds into your body.
Your roots penetrate the ground.
The orc warrior hits you but does no damage.
Unknown command.
The orc knight hits you from afar with a +0 glaive!
* * * LOW HITPOINT WARNING * * *
The orc warrior hits you from afar with a +0 halberd!
* * * LOW HITPOINT WARNING * * *
Okay, then.
Okay, then.
It was a potion of flight.
Your roots keep you in place.
The orc warrior no longer looks unusually strong.
The orc knight hits you from afar with a +0 glaive!
You die...
Beogh appreciates the orc knight's killing of a heretic priest.

#.,**,,,,**,.#
#o.########..#
**.o.8)...8..,**
###,,,..))...,,,,*
##.#,,####''####,,#♣♣♣♣#
#..####)..))..o####..≈≈#
#.........)...oo....≈≈≈#
#♣....♣.......o....≈≈≈≈#
♣♣♣♣...#....#..♣≈≈≈≈≈≈#
#♣♣≈≈≈≈≈#....#≈≈≈≈≈≈≈≈≈#
#≈≈≈≈≈≈≈#..).#≈≈≈≈≈≈≈♣♣#
#≈≈≈≈≈≈≈#....#≈≈≈≈≈≈.♣
#≈≈≈≈≈≈≈#....#≈≈≈≈...♣
#≈≈≈....#....#..o...♣♣
#≈≈................♣♣
#♣..♣.♣.......♣♣.###
♣♣............♣.#


You could see an orc knight, 3 orc warriors and an orc (strong).

Vanquished Creatures
  Pikel (D:8)
  Menkaure (D:6)
  An orc warrior (Bailey)
  A black bear (D:5)
  An ogre (D:6)
  3 centaurs
  A phantom (D:5)
  A kobold brigand (D:8)
  4 bullfrogs
  A necrophage (D:4)
  2 scorpions
  3 killer bees (D:8)
  A howler monkey (D:6)
  2 hounds
  A jelly (D:6)
  Jessica (D:2)
  An iguana (D:4)
  5 orc wizards
  10 adders
  5 river rats
  A white imp (D:8)
  A worm (D:4)
  2 dart slugs
  20 orcs
  5 bats
  11 endoplasms
  3 giant cockroaches
  8 goblins
  6 hobgoblins
  10 jackals
  10 kobolds
  3 quokkas
  19 ball pythons
  7 frilled lizards
  22 rats
  4 bushes (D:4)
178 creatures vanquished.

Vanquished Creatures (collateral kills)
  An orc warrior (Bailey)
  3 orcs (Bailey)
4 creatures vanquished.

Vanquished Creatures (others)
  A killer bee (D:8)
  4 orcs (D:8)
  2 fungi (D:5)
  2 plants (D:5)
9 creatures vanquished.

Grand Total: 191 creatures vanquished

Notes
Turn   | Place    | Note
-------+----------+-------------------------------------------
     0 | D:1      | GenialerGandalf the Hill Orc Fighter began the quest for
                  | the Orb.
     0 | D:1      | Reached XP level 1. HP: 19/19 MP: 1/1
   201 | D:1      | Reached XP level 2. HP: 18/27 MP: 2/2
   719 | D:1      | Found Mompu Telo's Antique Weapon Emporium.
   945 | D:1      | Reached XP level 3. HP: 34/34 MP: 3/3
  1138 | D:1      | Upgraded the game from 0.29-a0-825-g72347fce65 to
                  | 0.30-a0-305-g026cb31310
  1149 | D:2      | Found a snail-covered altar of Cheibriados.
  1174 | D:2      | Reached skill level 3 in Axes
  1367 | D:2      | Noticed Jessica
  1379 | D:2      | Killed Jessica
  1380 | D:2      | Reached XP level 4. HP: 39/41 MP: 4/4
  1494 | D:2      | Reached skill level 4 in Axes
  1803 | D:3      | Found a bloodstained altar of Trog.
  1917 | D:3      | Found a glowing drain.
  1927 | D:3      | Reached XP level 5. HP: 47/47 MP: 5/5
  1942 | Sewer    | Entered a sewer
  2065 | Sewer    | Reached skill level 5 in Axes
  2259 | Sewer    | Reached skill level 5 in Fighting
  2452 | Sewer    | Reached XP level 6. HP: 40/56 MP: 6/6
  2456 | Sewer    | Reached skill level 6 in Axes
  2918 | D:3      | Found a faded altar of an unknown god.
  2923 | D:3      | Found a basalt altar of Yredelemnul.
  3415 | D:4      | Found a staircase to the Ecumenical Temple.
  3608 | Temple   | Entered the Ecumenical Temple
  3751 | D:4      | Reached XP level 7. HP: 57/61 MP: 7/7
  3868 | D:4      | Found Taxaly's Overcharged Wands.
  3964 | D:5      | Entered Level 5 of the Dungeon
  4037 | D:4      | Identified the +3 quarterstaff of Xeadim {drain, Int+2}
  4112 | D:4      | Reached skill level 7 in Axes
  4112 | D:4      | Reached skill level 5 in Armour
  4691 | D:5      | Noticed MrRokkomies's ghost (weakling AtDe)
  4694 | D:5      | Found a runed translucent gate.
  4694 | D:5      | Found a runed translucent gate.
  4695 | D:5      | Found a runed translucent gate.
  4793 | D:5      | Reached skill level 8 in Axes
  4793 | D:5      | Reached XP level 8. HP: 61/70 MP: 8/8
  5356 | D:6      | Reached skill level 9 in Axes
  5393 | D:6      | Noticed Menkaure
  5408 | D:6      | Killed Menkaure
  5409 | D:6      | Reached skill level 5 in Shields
  5487 | D:6      | You fall into a shaft and drop 2 floors!
  5529 | D:8      | Became a worshipper of Beogh the Brigand
  5607 | D:8      | Reached skill level 10 in Axes
  5635 | D:8      | Reached XP level 9. HP: 33/78 MP: 9/9
  5717 | D:8      | Noticed Prince Ribbit
  5799 | D:8      | Noticed Pikel
  5900 | D:8      | Killed Pikel
  5901 | D:8      | Reached skill level 11 in Axes
  6008 | D:8      | Found a flagged portal.
  6023 | Bailey   | Entered a bailey
  6310 | Bailey   | Noticed an orc knight
  6352 | Bailey   | HP: 4/118 [orc warrior/+0 halberd (13)]
  6353 | Bailey   | Slain by an orc knight

Illustrated notes

Levels and vault maps discovered:
D:1:      mainiacjoe_arrival_reflecting_pool, layout_basic, serial_shops, shop,
          dk_noncrumbling_4
D:2:      layout_basic, basic_altar, corexii_corridor_pit, solitary_fountain,
          uniq_jessica
D:3:      minmay_recursive_quarters, layout_loops_ring,
          mainiacjoe_overflow_surrounded_room,
          nicolae_overflow_ecumenical_swirl, portal_sewer_entry_c
D:4:      layout_basic, minmay_temple_entry_overgrown,
          nicolae_shop_overcharged_wands
D:5:      layout_rooms, gammafunk_ghost_nasty_kobolds, fountainhead
D:6:      layout_basic, nicolae_overflow_hallway_of_the_gods,
          lemuel_coloured_pillars_altar, uniq_menkaure
D:8:      layout_layer_cave, enter_bailey_4, serial_shops, shop,
          uniq_prince_ribbit1, uniq_pikel
Temple:   nicolae_temple_ecumenical_triangle
Bailey:   bailey_polearm_elven_captive_hellmonk, bailey

Skill      XL: |  1  2  3  4  5  6  7  8  9 |
---------------+----------------------------+-----
Fighting       | 4 5 6 7 |  7.4
Axes           | 3 4 5 6 8 10 11 | 11.1
Armour         | 4 5 6 7 |  7.4
Shields        | 4 5 6 |  6.0
Invocations    | |  0.3

Action                   |  1- 3 |  4- 6 |  7- 9 || total
-------------------------+-------+-------+-------++-------
Melee: War axe           |    91 |   350 |   253 ||   694
Invok: Convert to Beogh  |       |       |     1 ||     1
  Use: Scroll            |     4 |     9 |    16 ||    29
       Potion            |       |       |     9 ||     9
Armor: Scale mail        |    76 |   162 |       ||   238
       Plate armour      |       |       |   208 ||   208
       Skin              |       |       |     1 ||     1
Dodge: Dodged            |    71 |   132 |   173 ||   376
Block: Buckler           |    26 |    70 |    80 ||   176

Table legend: (Time is in decaauts)
 A = Elapsed time spent in this place.
 B = Non-inter-level travel time spent in this place.
 C = Inter-level travel time spent in this place.
 D = Time resting spent in this place.
 E = Time spent auto-exploring this place.
 F = Levels seen in this place.
 G = Mean time per level.
                   A        B        C        D        E       F      G
               +--------+--------+--------+--------+--------+-----+--------+
         Total |   6567 |   6428 |    139 |      0 |   1813 |  10 |  656.7 |
       Dungeon |   5424 |   5285 |    139 |      0 |   1581 |   7 |  774.9 |
        Temple |     99 |     99 |      0 |      0 |      0 |   1 |   99.0 |
         Sewer |    713 |    713 |      0 |      0 |    231 |   1 |  713.0 |
        Bailey |    329 |    329 |      0 |      0 |      0 |   1 |  329.0 |
               +--------+--------+--------+--------+--------+-----+--------+

Top non-repeatable levels by time:
     D:1: 1171 daAuts
     D:4: 1072 daAuts
     D:3: 1048 daAuts
   Sewer: 713 daAuts
     D:2: 641 daAuts
     D:5: 622 daAuts
     D:8: 519 daAuts
     D:6: 348 daAuts
  Bailey: 329 daAuts
  Temple: 99 daAuts
